cohdb
Replays
Latest Replays
All Replays
Popular Replays
Top Player Replays
Match Explorer
How It Works
Community
CoH3 Stats
Reddit
Sign in to upload your games and track your stats! →
Sign in with Steam
Match 43045898
Unlisted
Match 43045898
Overview
Messages
Build Orders
End
Construct Section Command Post
Infantry Section
Selects Canadian Shock Battlegroup
Infantry Section
Infantry Section
Construct Field Infirmary
Grenade Package
Selects Attacking Spirit
Selects Canadian Shock Section
Canadian Shock Section
Construct Platoon Command Post
Unlock M3 Stuart Light Tanks
Selects Incendiary Munitions
M3 Stuart Light Tank
Infantry Training
Selects Pyrotechnics
Canadian Shock Section
6-pounder Anti-tank Gun Team
6-pounder Anti-tank Gun Team
Team Weapon Training
CMP 15cwt Truck
Selects Churchill Crocodile Heavy Tank
Churchill Crocodile Heavy Tank
Selects Point Assault
mohking21
Badgert192
Ludwigz
Lilfuture
0
0
Comments
sign in to comment!
No comments posted yet!